 Dungeon Crawl Stone Soup version 0.23.2-40-g277498a001 (webtiles) character file.

Game seed: 2416776583550422510

1403 Marnok the Shield-Bearer (level 8, 0/70 HPs)
             Began as a Minotaur Fighter on Oct 12, 2019.
             Was an Initiate of Ashenzari.
             Slain by a two-headed ogre
             ... wielding a +0 giant club
              (9 damage)
             ... on level 6 of the Dungeon.
             The game lasted 00:18:29 (4967 turns).

Marnok the Shield-Bearer (Minotaur Fighter)         Turns: 4967, Time: 00:18:30

Health: 0/70       AC: 16    Str: 22    XL:     8   Next: 42%
Magic:  7/7        EV:  7    Int:  9    God:    Ashenzari [......]
Gold:   175        SH: 11    Dex: 11    Spells: 7/7 levels left

rFire    + . .     SeeInvis .   s - +1 mace (holy)
rCold    . . .     Gourm    +   h - +0 shield
rNeg     . . .     Faith    .   t - +3 chain mail {rF+} (curse)
rPois    .         Spirit   .   (helmet unavailable)
rElec    .         Reflect  .   (no cloak)
rCorr    .         Harm     .   (no gloves)
MR       .....                  o - +0 pair of boots
Stlth    ..........             g - amulet of the gourmand (curse)
HPRegen  0.21/turn              p - +4 ring of intelligence
MPRegen  0.10/turn              (no ring)

@: no status effects
A: retaliatory headbutt, horns 3, icy blue scales 1, no potion heal 1
a: Curse Item, Renounce Religion


You were on level 6 of the Dungeon.
You worshipped Ashenzari.
Ashenzari was noncommittal.
You were completely stuffed.

You visited 1 branch of the dungeon, and saw 7 of its levels.
You also visited: Sewer.

You collected 265 gold pieces.
You spent 90 gold pieces at shops.

Inventory:

Hand Weapons
 s - a +1 mace of holy wrath (weapon)
Missiles
 k - 6 exploding tomahawks (quivered)
Armour
 b - the +0 leather armour of Entitlement {*Drain Int+9}
   (You found it on level 6 of the Dungeon)

   It affects your intelligence (+9).
   It causes draining when unequipped.
 h - a +0 shield (worn)
 o - a +0 pair of boots (worn)
 t - a cursed +3 chain mail of fire resistance (worn)
Jewellery
 g - a cursed amulet of the gourmand (around neck)
 p - a +4 ring of intelligence (left hand)
Wands
 n - a wand of polymorph (1)
Scrolls
 c - a scroll of enchant weapon
 d - a scroll of identify
 i - 4 scrolls of teleportation
 j - 7 scrolls of magic mapping
 m - a scroll of remove curse
 q - 2 scrolls of blinking
 w - a scroll of fear
Potions
 a - a potion of ambrosia {unknown}
 e - 3 potions of curing
 r - a potion of cancellation
 u - a potion of might
 x - a potion of haste
 z - a potion of heal wounds
Comestibles
 f - 17 rations
 l - 2 chunks of flesh


   Skills:
 + Level 5.6 Fighting
   Level 4.9 Long Blades
 + Level 4.4 Maces & Flails
 + Level 7.2 Armour
 + Level 1.9 Dodging
 + Level 0.5 Stealth
 + Level 7.8 Shields


You had 7 spell levels left.
You didn't know any spells.
Your spell library was empty.

Dungeon Overview and Level Annotations

Branches:
Dungeon (7/15)
 Temple: D:4-7

Altars:
Ashenzari
Dithmenos
Nemelex Xobeh
Trog
Vehumet
Xom
Zin

Shops:
D:5 (


Innate Abilities, Weirdness & Mutations

You reflexively headbutt those who attack you in melee.
You have a pair of large horns on your head.
You are partially covered in icy blue scales. (AC +2)
Potions are less effective at restoring your health.


Message History

You block the two-headed ogre's attack.
You hit the two-headed ogre but do no damage.
You headbutt the two-headed ogre.
The two-headed ogre is severely wounded.
The two-headed ogre hits you with a +0 giant club!
* * * LOW HITPOINT WARNING * * *
You block the two-headed ogre's attack.
Your system partially rejects the healing.
You feel much better.
You hit the two-headed ogre.
The two-headed ogre is almost dead.
The two-headed ogre hits you but does no damage.
You block the two-headed ogre's attack.
Your shield and chain mail prevent you from hitting the two-headed ogre.
You headbutt the two-headed ogre!
The two-headed ogre is almost dead.
The two-headed ogre hits you with a +0 giant club!!
* * * LOW HITPOINT WARNING * * *
The two-headed ogre hits you with a +0 giant club!
You die...

...............#
..............## ###
...............##...
..................#
.....>.(..........##
.............#.....
...............#.## .
...#.............##....
........>......@O...#
#...##.#.............#
#.#....#.........#..:#
#.##.....#......##...#
..##...#.........# ..#
.#....<..#.............
...#####.#.......#...###
................##...#
..<..#######...#


You could see a two-headed ogre.

Vanquished Creatures
  A sky beast (D:5)
  A black bear (D:6)
  3 phantoms
  An ogre (D:6)
  Blork the orc (D:6)
  3 bullfrogs
  A scorpion (D:6)
  A jelly (D:5)
  2 orc priests
  5 orc wizards
  A bullfrog skeleton (D:5)
  Terence (D:3)
  A worker ant (D:6)
  11 adders
  6 river rats (Sewer)
  2 oozes
  An adder skeleton (D:4)
  2 worms
  4 leopard geckos
  14 orcs
  2 bats
  4 giant cockroaches
  5 goblins
  7 hobgoblins
  2 jackals (D:4)
  4 kobolds
  2 quokkas (D:6)
  12 ball pythons
  7 frilled lizards
  2 leopard gecko skeletons
  26 rats
135 creatures vanquished.

Notes
Turn   | Place    | Note
-------+----------+-------------------------------------------
     0 | D:1      | Marnok the Minotaur Fighter began the quest for the Orb.
     0 | D:1      | Reached XP level 1. HP: 19/19 MP: 0/0
   303 | D:1      | Reached XP level 2. HP: 27/27 MP: 1/1
   850 | D:3      | Noticed Terence
   912 | D:2      | Found a faded altar of an unknown god.
  1017 | D:2      | Found a sparkling altar of Nemelex Xobeh.
  1427 | D:3      | Reached XP level 3. HP: 24/33 MP: 2/2
  1431 | D:3      | Killed Terence
  1515 | D:3      | Reached XP level 4. HP: 23/40 MP: 3/3
  1528 | D:3      | Reached skill level 5 in Shields
  1779 | D:4      | Found a glowing drain.
  1790 | Sewer    | Entered a sewer
  1819 | Sewer    | Reached skill level 5 in Armour
  1836 | Sewer    | Reached XP level 5. HP: 41/46 MP: 4/4
  2263 | Sewer    | Reached skill level 1 in Dodging
  2263 | Sewer    | Reached XP level 6. HP: 40/53 MP: 5/5
  2704 | D:4      | Found Zin's Purification Station.
  2707 | D:4      | Found a glowing silver altar of Zin.
  2712 | D:4      | Bought a potion of curing for 90 gold pieces
  2782 | D:5      | Entered Level 5 of the Dungeon
  2887 | D:4      | Reached XP level 7. HP: 47/60 MP: 6/6
  3190 | D:3      | Found a shimmering altar of Xom.
  3196 | D:3      | Found a bloodstained altar of Trog.
  3196 | D:3      | Found a shattered altar of Ashenzari.
  3221 | D:3      | Found a shadowy altar of Dithmenos.
  3221 | D:3      | Found a radiant altar of Vehumet.
  3296 | D:3      | Became a worshipper of Ashenzari the Shackled
  3389 | D:4      | Reached skill level 5 in Fighting
  3637 | D:5      | Found Joboggybia's Antique Weapon Shop.
  3678 | D:5      | Reached skill level 1 in Maces & Flails
  4458 | D:6      | Noticed Blork the orc
  4479 | D:5      | Gained mutation: Potions are less effective at restoring
                  | your health. [potion of mutation]
  4479 | D:5      | Gained mutation: You are partially covered in icy blue
                  | scales. (AC +2) [potion of mutation]
  4479 | D:5      | Gained mutation: You have a pair of large horns on your
                  | head. [potion of mutation]
  4646 | D:6      | Killed Blork the orc
  4646 | D:6      | Reached XP level 8. HP: 61/68 MP: 7/7
  4795 | D:6      | Identified the +0 leather armour of Entitlement {*Drain
                  | Int+9}
  4930 | D:7      | Noticed a two-headed ogre
  4944 | D:6      | Noticed a two-headed ogre
  4967 | D:6      | Slain by a two-headed ogre

Skill      XL: |  1  2  3  4  5  6  7  8 |
---------------+-------------------------+-----
Shields        | 4 5 6 7 |  7.8
Armour         | 4 5 6 7 |  7.2
Fighting       | 4 5 |  5.6
Long Blades    | 3 4 |  4.9
Dodging        | 1 |  1.9
Maces & Flails | 3 4 |  4.4
Stealth        | |  0.5

Action                   |  1- 3 |  4- 6 |  7- 9 || total
-------------------------+-------+-------+-------++-------
Melee: Long sword        |    59 |   170 |    15 ||   244
       Headbutt          |     9 |    27 |    29 ||    65
       Mace              |       |       |   130 ||   130
Invok: Curse Item        |       |       |     2 ||     2
  Use: Potion            |     4 |     6 |    12 ||    22
       Scroll            |     1 |     7 |     3 ||    11
  Eat: Chunk             |     6 |     9 |     7 ||    22
Armor: Scale mail        |    40 |       |       ||    40
       Chain mail        |       |   152 |   109 ||   261
Dodge: Dodged            |    22 |    67 |    57 ||   146
Block: Shield            |    52 |   141 |   114 ||   307
       Rpst.: Long sword |     8 |    14 |     1 ||    23
